 Dungeon Crawl Stone Soup version 0.18-a0-1180-g64ccc1e (webtiles) character file.

772667 Leszczynek the Axe Maniac (level 27, -14/288 HPs)
             Began as a Minotaur Fighter on Jan 27, 2016.
             Was the Champion of the Shining One.
             Killed from afar by a hellion (30 damage)
             ... with a burst of hellfire
             ... on level 13 of a ziggurat on Jan 28, 2016.
             The game lasted 04:20:16 (67715 turns).

Leszczynek the Axe Maniac (Minotaur Fighter)       Turns: 67715, Time: 04:20:16

Health: -14/288    AC: 55    Str: 36    XL:     27
Magic:  18/31      EV: 32    Int:  8    God:    the Shining One [******]
Gold:   4868       SH:  0    Dex: 24    Spells: 9 memorised, 10 levels left

rFire  + + .     SeeInvis .     b - +4 rod of shadows (4/14)
rCold  + . .     Gourm    .     Z - +12 gold dragon armour
rNeg   + + +     Faith    .     (no shield)
rPois  +         Spirit   .     Q - +2 hat {MR+}
rElec  +         Dismiss  .     V - +2 cloak {MR+}
rCorr  .         Reflect  .     W - +4 pair of gloves of the Vaults {rN+ Dex+4}
SustAt .         Harm     .     G - +2 pair of boots {Fly}
MR     ++++.                    L - amulet of Vitality {Regen+ HP+15}
Stlth  ..........               E - ring of the Heavens {rC+ Str+7 Stlth+}
                                K - ring "Wujoep" {rElec rF+ rC- Str+3 Dex+5}

@: very slightly contaminated, hasted, glowing, very quick, incredibly resistant
to hostile enchantments, extremely unstealthy
A: retaliatory headbutt, horns 2, blurry vision 2
a: Divine Shield, Cleansing Flame, Summon Divine Warrior, Renounce Religion,
Evoke Flight
}: 5/15 runes: decaying, serpentine, slimy, silver, abyssal


You were on level 13 of a ziggurat.
You worshipped the Shining One.
The Shining One was exalted by your worship.
You were not hungry.

You visited 13 branches of the dungeon, and saw 62 of its levels.
You visited the Abyss 1 time.
You visited 1 ziggurat, and saw 13 of its levels.
You also visited: Labyrinth, Ice Cave and Volcano.

You collected 8739 gold pieces.
You spent 3871 gold pieces at shops.

Inventory:

Hand Weapons
 a - a +9 executioner's axe of holy wrath
Missiles
 e - 34 tomahawks (quivered)
 h - 8 steel javelins
 I - 8 javelins of penetration
 M - 10 throwing nets
 S - 8 javelins
Armour
 G - a +2 pair of boots of flying (worn)
 J - the +2 cloak of Starlight {rElec rC+ EV+4 Stlth--}
   (You bought it in a shop on level 3 of the Snake Pit)

   It affects your evasion (+4).
   It protects you from cold.
   It insulates you from electricity.
   It makes you much less stealthy.
 Q - a +2 hat of magic resistance (worn)
 V - a +2 cloak of magic resistance (worn)
 W - the +4 pair of gloves of the Vaults (worn) {rN+ Dex+4}
   (Okawaru gifted it to you on level 4 of the Snake Pit)

   It affects your dexterity (+4).
   It protects you from negative energy.
 Z - a +12 gold dragon armour (worn)
Rods
 b - a +4 rod of shadows (4/14) (weapon)
   (You took it off a deep elf death mage on level 3 of the Elven Halls)
Jewellery
 c - the ring "Zileod" {rCorr rC+ Int+4}
   (You found it in an ice cave)

   [ring of resist corrosion]

   It affects your intelligence (+4).
   It protects you from cold.
 E - the ring of the Heavens (right hand) {rC+ Str+7 Stlth+}
   (You found it on level 5 of the Vaults)

   [ring of stealth]

   It affects your strength (+7).
   It protects you from cold.
   It makes you more stealthy.
 H - the ring "Pamethrio" {+Blink +Fly rElec rN+ Dex-3}
   (You found it on level 3 of the Crypt)

   [ring of positive energy]

   It affects your dexterity (-3).
   It insulates you from electricity.
   It protects you from negative energy.
   It lets you fly.
   It lets you blink.
 K - the ring "Wujoep" (left hand) {rElec rF+ rC- Str+3 Dex+5}
   (You found it on level 5 of the Vaults)

   [ring of dexterity]

   It affects your strength (+3).
   It affects your dexterity (+5).
   It protects you from fire.
   It makes you vulnerable to cold.
   It insulates you from electricity.
 L - the amulet of Vitality (around neck) {Regen+ HP+15}
   (You found it on level 10 of the Dungeon)

   [amulet of regeneration]

   It affects your health (+15).
   It increases your rate of regeneration.
Wands
 m - a wand of disintegration (13/24)
 p - a wand of digging (6/24)
 v - a wand of hasting (4/9)
 O - a wand of heal wounds (8/9)
Scrolls
 k - 30 scrolls of teleportation
 l - 3 scrolls of holy word
 n - 8 scrolls of fear
 r - 14 scrolls of recharging
 s - 8 scrolls of fog
 t - 19 scrolls of remove curse
 u - 6 scrolls of magic mapping
 y - 3 scrolls of silence
 D - 7 scrolls of blinking
 N - 4 scrolls of identify
 U - a scroll of summoning
Potions
 q - 8 potions of heal wounds
 w - 9 potions of agility
 A - 17 potions of curing
 C - 8 potions of cure mutation
 F - a potion of resistance
 T - 2 potions of cancellation
 X - 7 potions of berserk rage
 Y - 3 potions of might
Miscellaneous
 d - a lamp of fire
 g - a phial of floods
 i - a disc of storms
 x - a legendary deck of changes {Fortitude}
 z - a fan of gales
 B - a stone of tremors
 P - a box of beasts
 R - 3 phantom mirrors
Comestibles
 f - 16 bread rations
 j - 28 meat rations
 o - 50 fruits


   Skills:
 O Level 27 Fighting
   Level 4.7 Long Blades
 O Level 27 Axes
 * Level 15.6 Throwing
 O Level 27 Armour
 O Level 27 Dodging
   Level 6.2 Shields
 - Level 4.1 Spellcasting
 + Level 2.1 Charms
 - Level 8.1 Translocations
 + Level 13.1 Invocations
 * Level 11.3 Evocations


You had 10 spell levels left.
You knew the following spells:

 Your Spells              Type           Power        Failure   Level  Hunger
a - Song of Slaying       Chrm           #.......     78%         2    ###....
b - Swiftness             Chrm/Air       #.......     93%         2    ###....
c - Apportation           Tloc           ##........   4%          1    #......
d - Summon Butterflies    Summ           #.......     93%         1    #......
e - Condensation Shield   Ice            #.........   100%        4    #####..
f - Phase Shift           Tloc           ##........   94%         5    ######.
g - Silence               Hex/Air        #.........   100%        5    ######.
h - Blink                 Tloc           N/A          8%          2    ###....
i - Repel Missiles        Chrm/Air       #.....       93%         2    ###....


Dungeon Overview and Level Annotations

Branches:
Dungeon (15/15)            Temple (1/1) D:6            Lair (8/8) D:8
  Swamp (4/4) Lair:4        Snake (4/4) Lair:6        Slime (6/6) Lair:7
    Orc (2/2) D:10            Elf (3/3) Orc:2        Vaults (5/5) D:14
  Crypt (3/3) Vaults:3       Tomb (0/3) Crypt:3      Depths (5/5) D:15
   Hell (1/1)                 Dis (0/7) Hell            Geh (0/7) Hell
    Coc (0/7) Hell            Tar (0/7) Hell            Zot (5/5) Depths:5

Altars:
Ashenzari
Cheibriados
Dithmenos
Elyvilon
Fedhas
Gozag
Kikubaaqudgha
Makhleb
Nemelex Xobeh
Okawaru
Pakellas
Qazlal
Ru
Sif Muna
Trog
Vehumet
Xom
Yredelemnul
Zin
The Shining One
Jiyva

Shops:
D:4 [   D:9 :   D:10 *   D:11 (   D:14 }   Orc:2 }:!?[:}(   Elf:1 %   Elf:3 :
Snake:3 [[(}[   Snake:4 %   Vaults:2 *   Depths:5 *

Portals:
Hell: Depths:1 Depths:2 Depths:3 Depths:4 Depths:5
Abyss: Depths:4
Pandemonium: Depths:3 Depths:5

Annotations:
Swamp:4 exclusion: oklob plant


Innate Abilities, Weirdness & Mutations

You reflexively headbutt those who attack you in melee.
You have a pair of horns on your head.
[Scrolls take you longer to read.]


Message History

Unknown command.
Unknown command.
Unknown command.
You are momentarily dazzled by a brilliant light.
You feel somewhat more hungry.
The putrid chaos champion calls on the powers of chaos!
The hellwing seems to grow stronger.
The Hell Sentinel suddenly seems more agile.
The infernal corrupter goes berserk!
The tormentor blinks!
The torturous chaos champion suddenly seems more agile.
The cacodemon twists and deforms.
The Brimstone Fiend suddenly seems more resistant.
Your unseen horror hits the Brimstone Fiend.
A lorocyproca comes into view.
The cacodemon hits your unseen horror!
The cacodemon hits your unseen horror but does no damage.
The infernal warmonger rages.
The hellion gestures at you.
The hellfire explodes!
The burst of hellfire engulfs you!
You die...

▓▓...................
▓....................
▓▓....................
▓...........2.........
▓.....................
▓▓.........A......6.2..
▓..∩............2..6...
▓▓............1x26.6...
▓..........@....&.4..2
▓.............2..112..
▓▓....................
▓....................
▓▓...................
▓..................
▓▓...............▓
▓▓▓...........


You could see Ceps, a Hell Sentinel, 2 Brimstone Fiends, a cacodemon, an
infernal warmonger (berserk), a hell beast, 2 demonspawn, an infernal corrupter
(berserk), a hellwing, a hellion, a tormentor, a friendly daeva and a friendly
unseen horror (invisible).

Vanquished Creatures
  the Royal Jelly (Slime:6)
  Dissolution (Slime:4)
  4 ancient liches
  Tiamat (Zot:1)
  Mara (Elf:3)
  4 orbs of fire (Zot:5)
  A juggernaut (Depths:3)
  2 greater mummies (Zig:6)
  Sojobo (Vaults:4)
  Boris (Crypt:3)
  Margery (Depths:3)
  Frederick (Vaults:4)
  Saint Roka (Elf:2)
  A Killer Klown (Zot:5)
  4 curse toes
  Vashnia (Snake:4)
  Norris (Snake:4)
  Geryon (Hell)
  10 golden dragons
  Xtahua (Crypt:2)
  A profane servitor (Crypt:3)
  Nikola (Vaults:2)
  5 bone dragons
  3 liches
  2 electric golems (Zot:5)
  13 tentacled monstrosities
  Jorgrun (Swamp:3)
  25 Orb Guardians (Zot:5)
  The ghost of ololoev the Devastator, an adept DEFE of Sif Muna (Vaults:4)
  An Ice Fiend (IceCv)
  17 titans
  5 deep elf master archers
  9 deep elf blademasters
  Asterion (Vaults:1)
  10 death cobs
  2 quicksilver dragons (Vaults:5)
  Gastronok (Lair:3)
  The ghost of asdu the Severer, an adept DDGl of Makhleb (Slime:6)
  An eldritch tentacle (Zot:5)
  3 sphinxes
  Frances (D:14)
  13 acid blobs
  14 storm dragons
  2 thorn hunters
  5 ancient champions
  Kirke (Lair:6)
  7 tengu reavers
  10 shadow dragons
  7 draconian monks
  10 greater nagas
  22 fire giants
  6 revenants
  Wiglaf (Vaults:1)
  12 azure jellies
  Donald (Orc:2)
  7 draconian knights
  3 ghost moths
  5 draconian scorchers
  7 orc warlords
  14 frost giants
  Louise (Depths:4)
  3 iron dragons
  Maud (D:14)
  18 vault wardens
  3 draconian zealots
  2 ghouls
  Aizul (Snake:1)
  10 draconian shifters
  4 deep elf elementalists
  5 curse skulls
  5 deep elf sorcerers
  4 draconian annihilators
  A caustic shrike skeleton (Depths:3)
  2 spriggan defenders (Depths:4)
  9 very ugly things
  30 stone giants
  A war gargoyle (Zig:12)
  10 reapers
  A juggernaut skeleton (Zig:12)
  An apis (Elf:2)
  17 ironheart preservers
  15 green draconians
  7 vampire knights
  3 salamander stormcallers
  6 draconian callers
  2 bennus (Zig:6)
  14 spark wasps
  10 yellow draconians
  10 mottled draconians
  9 deep elf demonologists
  9 deep elf annihilators
  14 black draconians
  12 purple draconians
  15 white draconians
  A crystal guardian (Vaults:4)
  5 blizzard demons (Hell)
  An ettin (shapeshifter) (Vaults:5)
  Snorg (Orc:1)
  15 red draconians
  4 eidola
  A green death (Zig:7)
  10 deep elf death magi
  18 fire dragons
  A minotaur (Lab)
  21 ettins
  36 vault guards
  7 death oozes (Slime:6)
  Josephine (D:15)
  14 great orbs of eyes
  A spectral quicksilver dragon (Crypt:3)
  16 yaktaur captains
  6 deep elf high priests
  6 entropy weavers
  22 naga warriors
  Harold (Lair:3)
  20 jiangshi
  2 ghost crabs (shapeshifter) (Vaults:5)
  3 spriggan air magi
  5 rakshasas
  23 ice dragons
  Erica (D:9)
  2 catoblepae
  7 death knights
  12 centaur warriors
  18 ogre magi
  3 ghost crabs
  10 anacondas
  22 hydras
  15 death yaks
  6 deep troll shamans
  9 tengu warriors
  25 dancing weapons
  4 hell hogs (Hell)
  2 vampire magi
  15 alligators
  7 orc high priests
  2 titan zombies (Zig:12)
  14 naga sharpshooters
  5 spriggan berserkers
  Urug (D:15)
  8 deep troll earth magi
  2 thrashing horrors (Abyss:3)
  35 deep elf knights
  11 soul eaters
  Nergalle (Lair:3)
  12 hell knights
  7 shock serpents
  5 shadow wraiths
  8 sun demons
  2 fire crabs
  A fire crab (shapeshifter) (Depths:4)
  A storm dragon zombie (Crypt:1)
  5 salamander mystics
  3 iron trolls
  29 skeletal warriors
  A storm dragon skeleton (Depths:3)
  A wretched star (Abyss:3)
  22 deep trolls
  A deep troll (shapeshifter) (Vaults:1)
  2 obsidian statues (Zot:5)
  4 wizards
  3 flayed ghosts
  A sea snake (shapeshifter) (Vaults:2)
  A golden dragon zombie (Zig:12)
  A giant orange brain (Slime:6)
  A shadow demon (Depths:5)
  7 unseen horrors
  A quicksilver dragon simulacrum (Crypt:1)
  An anubis guard (Zig:6)
  13 phantasmal warriors
  3 hill giants
  A shambling mangrove (Swamp:3)
  A lindwurm (Lair:7)
  4 spectral hydras (Swamp:4)
  A golden dragon skeleton (Hell)
  23 ironbrand convokers
  5 swamp dragons
  16 orc knights
  A lindwurm (shapeshifter) (D:15)
  Pikel (D:7)
  A spectral wolf spider (Crypt:3)
  An iron dragon zombie (Depths:3)
  65 deep elf magi
  9 necromancers
  The ghost of Azzok the Basher, a novice MiFi of Okawaru (D:7)
  12 naga ritualists
  30 deep elf archers
  A harpy (shapeshifter) (Vaults:5)
  5 orb spiders
  A frost giant zombie (Crypt:1)
  8 mana vipers
  8 griffons
  34 ugly things
  4 shining eyes
  3 wolf spiders
  2 anaconda skeletons
  A tengu skeleton (Depths:3)
  19 moths of wrath
  A salamander (shapeshifter) (Depths:4)
  A shadow dragon skeleton (Crypt:1)
  A faun (Zig:5)
  A water nymph (shapeshifter) (Vaults:5)
  6 orc sorcerers
  2 hornets
  9 manticores
  21 vault sentinels
  14 large abominations
  7 cyclopes
  3 worldbinders (Abyss:3)
  Maurice (D:12)
  A fire giant skeleton (Hell)
  13 elephants
  5 rust devils
  32 black mambas
  28 naga magi
  15 salamanders
  4 eyes of devastation
  5 smoke demons
  21 spiny frogs
  A titan simulacrum (Depths:3)
  4 ice statues
  3 gargoyles
  A spiny frog (shapeshifter) (Abyss:3)
  4 centaur skeletons
  3 guardian serpents
  A torpor snail (Lair:7)
  A hellion (Zig:12)
  34 yaktaurs
  3 kobold demonologists
  A yaktaur (shapeshifter) (Zig:10)
  3 swamp worm zombies (Swamp:4)
  5 fire drakes
  11 komodo dragons
  5 tormentors
  A komodo dragon (shapeshifter) (Vaults:2)
  4 demonic crawlers
  7 tengu conjurers
  8 ice devils
  2 anaconda simulacra (IceCv)
  A guardian mummy (Zig:6)
  6 hellwings
  A golden dragon simulacrum (IceCv)
  3 red devils
  The ghost of Situis the Shield-Bearer, an amateur MiFi of Okawaru (D:5)
  7 hydra zombies
  An iron troll skeleton (Crypt:2)
  A queen bee (shapeshifter) (Elf:3)
  A wind drake (shapeshifter) (Vaults:5)
  6 giant leeches
  16 trolls
  3 ancient zymes (Abyss:3)
  9 freezing wraiths
  A harpy zombie (Crypt:1)
  3 polar bears
  The ghost of Azzok the Cutter, an amateur MiFi of Okawaru (D:4)
  A giant leech (shapeshifter) (Vaults:5)
  A polar bear (shapeshifter) (Elf:3)
  2 wolf spider simulacra (IceCv)
  A jumping spider (shapeshifter) (Vaults:5)
  2 two-headed ogres (shapeshifter)
  9 alligator zombies
  2 hydra skeletons (Crypt:1)
  A tengu simulacrum (Vaults:1)
  23 two-headed ogres
  89 slime creatures
  3 boulder beetles
  A blink frog (shapeshifter) (Depths:2)
  2 spectral swamp dragons (Swamp:4)
  An ice dragon zombie (Crypt:1)
  18 blink frogs
  14 raiju (Abyss:3)
  A stone giant simulacrum (Abyss:3)
  8 bog bodies
  A fire dragon skeleton (Crypt:1)
  A redback (shapeshifter) (Vaults:5)
  An ushabti (Zig:6)
  14 redbacks
  8 spriggans
  56 flying skulls
  12 starcursed masses (Abyss:3)
  2 alligator skeletons
  35 yaks
  2 dire elephant simulacra (IceCv)
  2 tarantellas (shapeshifter)
  12 wraiths
  5 air elementals
  2 tarantellas (Depths:4)
  12 shadows
  4 wyverns
  2 humans (shapeshifter) (Vaults:1)
  3 hogs
  18 golden eyes
  5 steam dragons
  7 small abominations
  8 fire elementals
  15 hippogriffs
  2 neqoxecs
  A steam dragon (shapeshifter) (Vaults:1)
  41 vampire mosquitoes
  7 basilisks
  A chaos spawn (Abyss:3)
  3 hungry ghosts
  23 swamp worms
  7 mottled dragons
  14 wolves
  An iron troll simulacrum (IceCv)
  16 wargs
  A swamp worm (shapeshifter) (Zig:4)
  12 insubstantial wisps (Swamp:4)
  4 harpy simulacra (IceCv)
  A spiny frog zombie (Hell)
  4 hydra simulacra
  6 hell hounds
  49 nagas
  7 water moccasins
  2 soldier ants (D:10)
  9 ice beasts
  46 orc warriors
  A water nymph skeleton (Crypt:2)
  11 porcupines
  2 black bears
  A spiny frog skeleton (Hell)
  7 sky beasts
  A slave (D:7)
  An ettin simulacrum (IceCv)
  12 phantoms
  16 swamp drakes
  6 eyes of draining
  6 boggarts
  67 ogres
  12 wasps
  2 swamp dragon zombies (Swamp:4)
  6 necrophages
  The ghost of derval the Charmwright, an amateur MfSk (D:3)
  A blink frog skeleton (Crypt:1)
  An ogre (shapeshifter) (D:13)
  A torpor snail zombie (Crypt:1)
  A centaur (shapeshifter) (Vaults:5)
  30 crocodiles
  A fire drake zombie (Crypt:2)
  13 centaurs
  4 big kobolds
  An elf zombie (Elf:1)
  15 giant frogs
  3 earth elementals
  A water moccasin zombie (Crypt:1)
  2 scorpions
  22 killer bees
  A polar bear zombie (Crypt:2)
  A manticore simulacrum (Crypt:3)
  A swamp dragon simulacrum (IceCv)
  11 wights
  An electric eel (Lair:5)
  4 crimson imps
  A troll skeleton (Crypt:1)
  2 giant frog zombies
  A black bear zombie (Crypt:1)
  A quasit (D:8)
  2 centaur zombies
  A human simulacrum (Vaults:1)
  A draconian simulacrum (IceCv)
  30 jellies
  31 orc wizards
  29 orc priests
  10 hounds
  2 giant frog skeletons
  An iron imp (Abyss:3)
  25 iguanas
  A spectral swamp drake (Swamp:4)
  A polar bear simulacrum (IceCv)
  4 troll simulacra (IceCv)
  4 worker ants
  7 lightning spires
  A spriggan simulacrum (IceCv)
  2 wolf simulacra (IceCv)
  A felid zombie (Crypt:1)
  22 sheep
  A big kobold skeleton (Crypt:1)
  2 centaur simulacra (IceCv)
  2 tengu zombies
  2 hound zombies
  A hound skeleton (D:11)
  5 mummies
  4 worker ant zombies
  A scorpion zombie (Crypt:2)
  A swamp drake zombie (Swamp:4)
  15 adders
  2 naga simulacra (IceCv)
  36 river rats
  3 ogre simulacra (IceCv)
  A steam dragon skeleton (Crypt:1)
  11 shadow imps
  9 white imps (IceCv)
  8 ufetubi (IceCv)
  2 oozes
  An adder zombie (Crypt:2)
  4 giant geckos
  97 orcs
  6 bats
  11 giant cockroaches
  13 goblins
  6 hobgoblins
  6 jackals
  30 kobolds
  4 quokkas
  2 ball pythons
  5 giant newts
  A giant newt skeleton (Crypt:1)
  A quokka zombie (Crypt:2)
  15 rats
  2 briar patches (Zig:7)
  3 crawling corpses (Vaults:5)
  3 fire vortices (Hell)
  5 fungi
  16 plants
3218 creatures vanquished.

Vanquished Creatures (collateral kills)
  An ancient lich (Zot:5)
  A golden dragon (Zot:5)
  An ancient champion (Zig:9)
  A shadow dragon (Vaults:5)
  A salamander stormcaller (Vaults:5)
5 creatures vanquished.

Vanquished Creatures (others)
  A Killer Klown (Zot:5)
  An electric golem (Zot:5)
  An eldritch tentacle (Crypt:2)
  A frost giant (Hell)
  2 vault wardens
  A deep elf high priest (Vaults:5)
  A naga sharpshooter (Snake:4)
  A deep elf knight (Vaults:3)
  An ironbrand convoker (Vaults:2)
  A hill giant (D:14)
  A moth of wrath (Zot:5)
  A vault sentinel (Vaults:5)
  A queen ant zombie (Crypt:2)
  A two-headed ogre (Vaults:5)
  A slime creature (Swamp:2)
  A water elemental (Hell)
  A fire elemental (Hell)
  2 humans (Lair:6)
  A swamp worm (Swamp:4)
  A hell hound (Depths:3)
  An ogre (Vaults:5)
  A boggart (Vaults:3)
  A crimson imp (Hell)
  A lightning spire (D:4)
  A giant gecko (D:10)
  2 briar patches (Zig:7)
  2 bushes (D:4)
  102 eldritch tentacle segments
  A fire vortex (Hell)
  6 fungi
  5 lost souls
  19 plants
164 creatures vanquished.

Grand Total: 3387 creatures vanquished

Notes
Turn   | Place    | Note
--------------------------------------------------------------
     0 | D:1      | Leszczynek the Minotaur Fighter began the quest for the Orb.
     0 | D:1      | Reached XP level 1. HP: 19/19 MP: 0/0
    88 | D:1      | Reached XP level 2. HP: 26/26 MP: 1/1
   260 | D:1      | Reached skill level 4 in Axes
   398 | D:1      | Reached XP level 3. HP: 31/31 MP: 2/2
   952 | D:2      | Found a faded altar to an unknown god.
  1357 | D:3      | Reached skill level 5 in Axes
  1471 | D:3      | Reached XP level 4. HP: 30/39 MP: 3/3
  2005 | D:3      | Reached skill level 6 in Axes
  2493 | D:3      | Found a blossoming altar of Fedhas.
  2494 | D:3      | Noticed derval's ghost (amateur MfSk)
  2502 | D:3      | Killed derval's ghost
  2502 | D:3      | Reached skill level 7 in Axes
  2502 | D:3      | Reached XP level 5. HP: 45/45 MP: 4/4
  2802 | D:4      | Found Cocw's Antique Armour Emporium.
  2805 | D:4      | Bought a pair of runed gloves for 94 gold pieces
  2836 | D:4      | Noticed an ogre
  2845 | D:4      | Killed an ogre
  2845 | D:4      | Reached skill level 8 in Axes
  2845 | D:4      | Reached XP level 6. HP: 11/51 MP: 5/5
  3166 | D:4      | Got a brightly glowing war axe
  3223 | D:4      | Noticed Azzok's ghost (amateur MiFi)
  3244 | D:4      | Identified the +6 war axe "Xaviunot" {freeze, Str+4 SInv} (You found it on level 4 of the Dungeon)
  3296 | D:4      | Killed Azzok's ghost
  3296 | D:4      | Reached skill level 9 in Axes
  3296 | D:4      | Reached XP level 7. HP: 52/57 MP: 6/6
  3609 | D:4      | Found an oddly glowing altar of Pakellas.
  3610 | D:4      | Noticed a six-headed hydra
  3646 | D:4      | Reached skill level 10 in Axes
  3843 | D:4      | Found a sacrificial altar of Ru.
  3843 | D:4      | Found a burning altar of Makhleb.
  3976 | D:5      | Entered Level 5 of the Dungeon
  4247 | D:5      | Reached skill level 11 in Axes
  4308 | D:5      | Reached XP level 8. HP: 60/64 MP: 7/7
  4522 | D:5      | Found a bloodstained altar of Trog.
  4568 | D:5      | Noticed Situis's ghost (amateur MiFi)
  4577 | D:5      | Killed Situis's ghost
  4577 | D:5      | Reached skill level 12 in Axes
  5144 | D:6      | Found a staircase to the Ecumenical Temple.
  5177 | Temple   | Entered the Ecumenical Temple
  5223 | Temple   | Became a worshipper of Warmaster Okawaru
  5300 | D:6      | Got a distressingly furry leather armour
  5301 | D:6      | Identified the +2 leather armour of Nes Veh {Regen+} (You found it on level 6 of the Dungeon)
  5408 | D:6      | Reached skill level 13 in Axes
  5766 | D:6      | Noticed a troll
  5771 | D:6      | Killed a troll
  5771 | D:6      | Reached XP level 9. HP: 41/70 MP: 8/8
  5988 | D:7      | Reached * piety under Okawaru
  6089 | D:7      | Reached skill level 14 in Axes
  6238 | D:7      | Found a white marble altar of Elyvilon.
  6392 | D:7      | Noticed Azzok's ghost (novice MiFi)
  6401 | D:7      | Killed Azzok's ghost
  6449 | D:7      | Found a glowing silver altar of Zin.
  6681 | D:7      | Found a radiant altar of Vehumet.
  6681 | D:7      | Noticed Pikel
  6695 | D:7      | Killed Pikel
  6695 | D:7      | Reached ** piety under Okawaru
  6695 | D:7      | Reached skill level 15 in Axes
  6898 | D:8      | Reached skill level 5 in Fighting
  7043 | D:8      | Reached XP level 10. HP: 67/81 MP: 9/9
  7435 | D:8      | Reached skill level 16 in Axes
  7479 | D:8      | Reached *** piety under Okawaru
  7525 | D:8      | Found a staircase to the Lair.
  7714 | D:9      | Found Etud's Book Shop.
  7799 | D:9      | Reached skill level 5 in Armour
  8043 | D:9      | Noticed Erica
  8055 | D:9      | Killed Erica
  8055 | D:9      | Reached skill level 1 in Dodging
  8495 | D:9      | Reached **** piety under Okawaru
  8533 | D:9      | Found a sacrificial altar of Ru.
  8540 | D:9      | Found a shattered altar of Ashenzari.
  8661 | D:9      | Found a snail-covered altar of Cheibriados.
  8707 | D:9      | Found a deep blue altar of Sif Muna.
  8735 | D:9      | Found a white marble altar of Elyvilon.
  8739 | D:9      | Found a basalt altar of Yredelemnul.
  8744 | D:9      | Found an opulent altar of Gozag.
  8817 | D:10     | Entered Level 10 of the Dungeon
  8877 | D:10     | Found a staircase to the Orcish Mines.
  8887 | D:10     | Reached XP level 11. HP: 87/97 MP: 10/10
  8902 | D:10     | Noticed a hill giant
  8909 | D:10     | Killed a hill giant
  8909 | D:10     | Received a gift from Okawaru
  8910 | D:10     | Found Loill's Assorted Antiques.
  8937 | D:10     | Reached skill level 10 in Fighting
  9218 | D:10     | Bought a fine scale mail for 225 gold pieces
  9228 | D:10     | Identified the +8 scale mail of Anox Qia {rC++ Str-4 Int+4 Dex+4} (You bought it in a shop on level 10 of the Dungeon)
  9259 | D:10     | Noticed an unseen horror
  9261 | D:10     | Killed an unseen horror
  9271 | D:10     | Noticed a centaur warrior
  9274 | D:10     | Noticed a brown ugly thing
  9280 | D:10     | Reached ***** piety under Okawaru
  9608 | D:10     | Killed a centaur warrior
  9608 | D:10     | Reached skill level 5 in Dodging
  9814 | D:10     | Killed a brown ugly thing
 10196 | D:10     | Received a gift from Okawaru
 10326 | Lair:1   | Entered Level 1 of the Lair of Beasts
 10370 | Lair:1   | Noticed a seven-headed hydra
 10388 | Lair:1   | Killed a 15-headed hydra
 10423 | Lair:1   | Found a labyrinth entrance.
 10429 | Lab      | Entered a labyrinth
 10713 | Lab      | Noticed a minotaur
 10718 | Lab      | Killed a minotaur
 10730 | Lab      | Got a ring of the Octopus King
 10748 | Lab      | Identified a ring of the Octopus King {rF+ AC+1 EV+1 Str+1 Int+1 Dex+1} (You found it in a labyrinth)
 10799 | Lair:1   | Reached skill level 5 in Invocations
 10944 | Lair:1   | Found a dark tunnel.
 10955 | Volcano  | Entered a volcano
 10986 | Volcano  | Reached XP level 12. HP: 96/110 MP: 15/15
 11185 | Lair:1   | Reached skill level 1 in Long Blades
 11313 | Lair:1   | Received a gift from Okawaru
 11320 | Lair:1   | Got a smoking chain mail {god gift}
 11331 | Lair:1   | Identified the +9 chain mail of Resourcefulness {Dex+4} (Okawaru gifted it to you on level 1 of the Lair of Beasts)
 11772 | Lair:2   | You fall through a shaft!
 11916 | Lair:3   | Noticed Harold
 11919 | Lair:3   | Noticed Nergalle
 11920 | Lair:3   | Noticed a death yak
 11922 | Lair:3   | Noticed a death yak
 11923 | Lair:3   | Killed Harold
 11932 | Lair:3   | Killed Nergalle
 11934 | Lair:3   | Noticed a death yak
 11962 | Lair:3   | Killed a death yak
 11967 | Lair:3   | Killed a death yak
 11975 | Lair:3   | Killed a death yak
 12074 | Lair:2   | Got an ancient great sword
 12075 | Lair:2   | Identified the +2 great sword "ETAOIN SHRDLU" {slice, *Confuse +Fly rN+} (You found it on level 2 of the Lair of Beasts)
 12742 | Lair:2   | Reached skill level 10 in Armour
 13315 | Lair:3   | Noticed Gastronok
 13345 | Lair:3   | Killed Gastronok
 13345 | Lair:3   | Received a gift from Okawaru
 13345 | Lair:3   | Reached XP level 13. HP: 118/118 MP: 15/17
 13713 | Lair:4   | Found a staircase to the Swamp.
 14225 | Lair:4   | Reached skill level 10 in Dodging
 15128 | Lair:6   | Reached skill level 5 in Shields
 15136 | Lair:6   | Reached ****** piety under Okawaru
 15139 | Lair:6   | Received a gift from Okawaru
 15148 | Lair:6   | Got a scorched buckler {god gift}
 15152 | Lair:6   | Identified the -7 buckler of Generosity {Str+4} (Okawaru gifted it to you on level 6 of the Lair of Beasts)
 15508 | Lair:6   | Noticed Kirke
 15514 | Lair:6   | Killed Kirke
 15533 | Lair:6   | Reached XP level 14. HP: 129/129 MP: 18/18
 15575 | Lair:6   | Found a staircase to the Snake Pit.
 16119 | Lair:7   | Found a staircase to the Slime Pits.
 16119 | Lair:7   | Found a viscous altar of Jiyva.
 16332 | Lair:7   | Received a gift from Okawaru
 16359 | Lair:7   | Got a transparent robe {god gift}
 16360 | Lair:7   | Identified the +0 robe of Henotheism {Str+4 Dex+3} (Okawaru gifted it to you on level 7 of the Lair of Beasts)
 17019 | Lair:8   | Entered Level 8 of the Lair of Beasts
 17123 | Lair:8   | Reached skill level 1 in Throwing
 17279 | Lair:8   | Got a pitted falchion
 17280 | Lair:8   | Identified the +8 falchion of Ragnarok {slice, Dex+2 SInv} (You found it on level 8 of the Lair of Beasts)
 17759 | Lair:8   | Learned a level 3 spell: Regeneration
 18404 | Orc:1    | Entered Level 1 of the Orcish Mines
 18404 | Orc:1    | Noticed Snorg
 18412 | Orc:1    | Killed Snorg
 18471 | Orc:2    | Entered Level 2 of the Orcish Mines
 18473 | Orc:2    | Found Feeqapt's Magic Scroll Shop.
 18489 | Orc:2    | Bought a scroll of identify for 22 gold pieces
 18489 | Orc:2    | Bought a scroll of identify for 22 gold pieces
 18497 | Orc:2    | Found a staircase to the Elven Halls.
 18664 | Orc:2    | Found Zuaf's Book Shop.
 18788 | Orc:2    | Found Hokuelyr's Gadget Shop.
 18926 | Orc:2    | Noticed Donald
 18936 | Orc:2    | Killed Donald
 18936 | Orc:2    | Received a gift from Okawaru
 18936 | Orc:2    | Reached skill level 5 in Throwing
 18941 | Orc:2    | Got a fine chain mail {god gift}
 18942 | Orc:2    | Identified the +1 chain mail of Tartarus {rC- Regen+ Str-2 Int+8} (Okawaru gifted it to you on level 2 of the Orcish Mines)
 19084 | Orc:2    | Reached XP level 15. HP: 138/138 MP: 19/19
 19156 | Orc:2    | Found Rimn's Antique Weapon Emporium.
 19156 | Orc:2    | Found Dap Coxkayt's Armour Boutique.
 19158 | Orc:2    | Found Risupnem's Gadget Emporium.
 19158 | Orc:2    | Found Bioxkas's Book Boutique.
 19287 | D:9      | Bought a manual of Throwing for 1214 gold pieces
 19541 | D:11     | Found Xitteloug's Weapon Boutique.
 19823 | D:12     | Noticed Maurice
 19836 | D:12     | Killed Maurice
 20407 | D:12     | Gained mutation: You are partially covered in large bone plates (AC +2, SH +2). [potion of beneficial mutation]
 20449 | D:13     | Reached skill level 10 in Throwing
 20853 | D:14     | Found Xaets's Gadget Boutique.
 20931 | D:14     | Found a gate to the Vaults.
 21027 | D:14     | Noticed Frances
 21038 | D:14     | Killed Frances
 21064 | D:14     | Found a shattered altar of Ashenzari.
 21090 | D:14     | Received a gift from Okawaru
 21320 | D:14     | Noticed Maud
 21327 | D:14     | Killed Maud
 21327 | D:14     | Received a gift from Okawaru
 21541 | D:15     | Entered Level 15 of the Dungeon
 21672 | D:15     | Found a staircase to the Depths.
 22165 | D:15     | Received a gift from Okawaru
 22268 | D:15     | Noticed Josephine
 22275 | D:15     | Killed Josephine
 22275 | D:15     | Reached skill level 17 in Axes
 22329 | D:15     | Noticed Urug
 22342 | D:15     | Killed Urug
 22811 | Swamp:1  | Entered Level 1 of the Swamp
 22847 | Swamp:1  | Reached XP level 16. HP: 146/146 MP: 20/20
 22900 | Swamp:1  | Found a frozen archway.
 23059 | IceCv    | Entered an ice cave
 23486 | IceCv    | Got a scintillating tin ring
 23487 | IceCv    | Identified the ring "Zileod" {rCorr rC+ Int+4} (You found it in an ice cave)
 23870 | IceCv    | Reached skill level 18 in Axes
 23963 | IceCv    | Noticed an Ice Fiend
 24045 | IceCv    | Killed an Ice Fiend
 24569 | Swamp:1  | Identified a scroll of acquirement
 24572 | Swamp:1  | Got a distressingly furry chain mail
 24573 | Swamp:1  | Identified the +0 chain mail of Sin {rF- Dex+2 SInv} (You acquired it on level 1 of the Swamp)
 24960 | Swamp:1  | Received a gift from Okawaru
 25184 | Swamp:2  | Reached skill level 15 in Fighting
 25636 | Swamp:2  | Received a gift from Okawaru
 26116 | Swamp:3  | Reached skill level 19 in Axes
 26212 | Swamp:3  | Received a gift from Okawaru
 26342 | Swamp:3  | Noticed Jorgrun
 26352 | Swamp:3  | Killed Jorgrun
 26794 | Swamp:4  | Entered Level 4 of the Swamp
 27752 | Swamp:4  | Reached XP level 17. HP: 163/163 MP: 21/21
 27834 | Swamp:4  | Noticed a bone dragon
 27855 | Swamp:4  | Killed a bone dragon
 27889 | Swamp:4  | Received a gift from Okawaru
 28000 | Swamp:4  | Reached skill level 20 in Axes
 28170 | Swamp:4  | Got a decaying rune of Zot
 28719 | Snake:1  | Entered Level 1 of the Snake Pit
 28838 | Snake:1  | Noticed Aizul
 28855 | Snake:1  | Killed Aizul
 29099 | Snake:1  | You fall through a shaft!
 29119 | Snake:2  | Received a gift from Okawaru
 29133 | Snake:2  | Got a translucent crystal plate armour {god gift}
 29134 | Snake:2  | Identified the +1 crystal plate armour of Isotimma {rN+ Dex+2 Slay+2} (Okawaru gifted it to you on level 2 of the Snake Pit)
 30335 | Snake:1  | Reached skill level 15 in Armour
 31161 | Snake:3  | Found Zaten's Armour Shop.
 31198 | Snake:3  | Found Lutu's Gadget Emporium.
 31219 | Snake:3  | Received a gift from Okawaru
 31222 | Snake:3  | Got a brightly glowing cloak {god gift}
 31223 | Snake:3  | Identified the +0 cloak "Fosie" {rN++ Int+3} (Okawaru gifted it to you on level 3 of the Snake Pit)
 31247 | Snake:3  | Found Irir's Antique Weapon Boutique.
 31314 | Snake:3  | Found Haschukkuk's Antique Armour Emporium.
 31327 | Snake:3  | Bought a pair of runed boots for 135 gold pieces
 31428 | Snake:3  | Found Gion's Antique Armour Boutique.
 31436 | Snake:3  | Bought the +2 cloak of Starlight {rElec rC+ EV+4 Stlth--} for 1287 gold pieces
 32292 | Snake:4  | Entered Level 4 of the Snake Pit
 32331 | Snake:4  | Found a shattered altar of Ashenzari.
 32357 | Snake:4  | Reached XP level 18. HP: 178/178 MP: 22/22
 32514 | Snake:4  | Noticed Vashnia
 32535 | Snake:4  | Killed Vashnia
 32535 | Snake:4  | Reached skill level 21 in Axes
 32747 | Snake:4  | Noticed Norris
 32763 | Snake:4  | Paralysed by something for 6 turns
 32771 | Snake:4  | Killed Norris
 32779 | Snake:4  | Received a gift from Okawaru
 33101 | Snake:4  | Got a pair of distressingly furry gloves {god gift}
 33102 | Snake:4  | Identified the +4 pair of gloves of the Vaults {rN+ Dex+4} (Okawaru gifted it to you on level 4 of the Snake Pit)
 33576 | Snake:4  | Found Luulah's Food Shoppe.
 34094 | Snake:4  | Received a gift from Okawaru
 34096 | Snake:4  | Reached skill level 22 in Axes
 34290 | Snake:4  | Got a serpentine rune of Zot
 34372 | Snake:4  | Reached skill level 1 in Evocations
 35096 | Vaults:1 | Entered Level 1 of the Vaults
 35243 | Vaults:1 | Noticed Wiglaf
 35250 | Vaults:1 | Killed Wiglaf
 35250 | Vaults:1 | Reached skill level 5 in Evocations
 35250 | Vaults:1 | Reached XP level 19. HP: 112/185 MP: 15/23
 36030 | Vaults:1 | Noticed Asterion
 36035 | Vaults:1 | Killed Asterion
 36200 | Vaults:1 | Received a gift from Okawaru
 36729 | Vaults:2 | Noticed Nikola
 36749 | Vaults:2 | Killed Nikola
 37107 | Vaults:2 | Reached skill level 15 in Dodging
 37113 | Vaults:2 | Received a gift from Okawaru
 37277 | Vaults:2 | Found Ocianki's General Store.
 38109 | Vaults:3 | Reached XP level 20. HP: 170/193 MP: 25/25
 38341 | Vaults:3 | Received a gift from Okawaru
 38408 | Vaults:3 | Got a fine plate armour {god gift}
 38409 | Vaults:3 | Identified the +6 plate armour of Vephup {-Cast +Fly Regen+} (Okawaru gifted it to you on level 3 of the Vaults)
 38555 | Vaults:3 | Noticed a bone dragon
 38564 | Vaults:3 | Killed a bone dragon
 38566 | Vaults:3 | Found a staircase to the Crypt.
 39961 | Vaults:4 | Noticed Frederick
 39961 | Vaults:4 | Noticed ololoev's ghost (adept DEFE)
 39971 | Vaults:4 | Killed Frederick
 39978 | Vaults:4 | Killed ololoev's ghost
 40228 | Vaults:4 | Noticed Sojobo
 40245 | Vaults:4 | Killed Sojobo
 40274 | Vaults:4 | Received a gift from Okawaru
 40356 | Vaults:4 | Received a gift from Okawaru
 40385 | Vaults:4 | Noticed a golden dragon
 40410 | Vaults:4 | Killed a golden dragon
 40514 | Vaults:4 | Reached skill level 23 in Axes
 41014 | Vaults:4 | Found a shimmering altar of Xom.
 41645 | Orc:2    | Bought a scroll of enchant weapon for 82 gold pieces
 41645 | Orc:2    | Bought a scroll of enchant weapon for 82 gold pieces
 41675 | Orc:2    | Found Ostroteos's Distillery.
 41678 | Orc:2    | Bought a potion of agility for 60 gold pieces
 41678 | Orc:2    | Bought a potion of agility for 60 gold pieces
 41812 | Elf:1    | Entered Level 1 of the Elven Halls
 41912 | Elf:1    | Reached XP level 21. HP: 201/201 MP: 26/26
 41934 | Elf:1    | Identified the Grimoire of Unholy Secrets
 42000 | Elf:1    | Received a gift from Okawaru
 42575 | Elf:1    | Found Nulucey's Food Boutique.
 42900 | Elf:2    | Reached skill level 24 in Axes
 43022 | Elf:2    | Noticed Saint Roka
 43239 | Elf:2    | Found a runed gate.
 43239 | Elf:2    | Found a runed gate.
 43239 | Elf:2    | Found a runed gate.
 43386 | Elf:2    | Received a gift from Okawaru
 43590 | Elf:2    | Killed Saint Roka
 43596 | Elf:2    | Received a gift from Okawaru
 43621 | Elf:2    | Reached skill level 25 in Axes
 44083 | Elf:3    | Entered Level 3 of the Elven Halls
 44111 | Elf:3    | Noticed Mara
 44124 | Elf:3    | Killed Mara
 44695 | Elf:3    | Found Kitom's Book Shoppe.
 44880 | Elf:3    | Gained mutation: You are dopey. (Int -2) [a cacodemon]
 45052 | Elf:3    | Got a shimmering plate armour
 45055 | Elf:3    | Identified the +3 plate armour "Vejatz" {Str+5} (You took it off a deep elf blademaster on level 3 of the Elven Halls)
 45111 | Elf:3    | Received a gift from Okawaru
 45224 | Elf:3    | Got a flickering ivory amulet
 45225 | Elf:3    | Identified the amulet of Ujonanoi {Harm *Drain MR+ Dex-4 Stlth+} (You took it off a deep elf demonologist on level 3 of the Elven Halls)
 45229 | Elf:3    | Identified a +4 rod of shadows (2/14) (You took it off a deep elf death mage on level 3 of the Elven Halls)
 45269 | Elf:3    | Reached XP level 22. HP: 213/213 MP: 27/27
 45418 | Elf:3    | Got a crystal eveningstar {crush}
 45419 | Elf:3    | Identified the +6 eveningstar of Profit {crush, *Corrode +Rage MR+ SInv} (You took it off a deep elf sorcerer on level 3 of the Elven Halls)
 45777 | Elf:3    | Identified Paemaom's Compendium of Flight and Battle Magic
 45781 | Elf:3    | Learned a level 2 spell: Swiftness
 45879 | Elf:3    | Learned a level 1 spell: Apportation
 45881 | Elf:3    | Learned a level 1 spell: Summon Butterflies
 45907 | Elf:3    | Got a crude battleaxe
 45912 | Elf:3    | Got an ancient battleaxe
 45914 | Elf:3    | Got an ivory battleaxe
 45916 | Elf:3    | Identified the +5 battleaxe of Reinforcement {vamp, +Inv +Fly rPois MR-} (You found it on level 3 of the Elven Halls)
 45918 | Elf:3    | Identified the +3 battleaxe of Gozag's Benevolence {elec, +Rage rN+ MR+} (You found it on level 3 of the Elven Halls)
 45920 | Elf:3    | Identified the +2 battleaxe of the Whale {antimagic, Dex+3} (You found it on level 3 of the Elven Halls)
 46502 | Crypt:1  | Entered Level 1 of the Crypt
 47585 | Temple   | Fell from the grace of Okawaru
 47585 | Temple   | Became a worshipper of the Shining One
 48184 | Crypt:2  | Noticed Xtahua
 48195 | Crypt:2  | Killed Xtahua
 48203 | Crypt:2  | Killed the ghostly Xtahua
 48371 | Crypt:2  | Reached * piety under the Shining One
 48531 | Crypt:2  | Reached ** piety under the Shining One
 48846 | Crypt:2  | Reached *** piety under the Shining One
 48981 | Crypt:3  | Entered Level 3 of the Crypt
 49006 | Crypt:3  | Reached **** piety under the Shining One
 49049 | Crypt:3  | Reached ***** piety under the Shining One
 49284 | Crypt:3  | Found an ancient bone altar of Kikubaaqudgha.
 49307 | Crypt:3  | Reached ****** piety under the Shining One
 49377 | Crypt:3  | Reached skill level 10 in Invocations
 49419 | Crypt:3  | Noticed Boris
 49428 | Crypt:3  | Killed Boris
 49503 | Crypt:3  | Reached XP level 23. HP: 224/224 MP: 30/30
 49518 | Crypt:3  | Identified a +4 rod of destruction (13/13) (You found it on level 3 of the Crypt)
 49670 | Crypt:3  | Got a pair of steaming boots
 49671 | Crypt:3  | Identified the -2 pair of boots of Fedhas's Fury {*Confuse +Inv Regen+ Str+4} (You acquired it on level 3 of the Crypt)
 49691 | Crypt:3  | Identified the Grimoire of Dark Rites (You found it on level 3 of the Crypt)
 49978 | Crypt:3  | Found a staircase to the Tomb.
 50018 | Crypt:3  | Got a pitted pewter ring
 50018 | Crypt:3  | Got a scorched marble ring
 50020 | Crypt:3  | Identified the ring of Xix Damp {rN+ Int+4 Dex+4} (You found it on level 3 of the Crypt)
 50025 | Crypt:3  | Identified the ring "Pamethrio" {+Blink +Fly rElec rN+ Dex-3} (You found it on level 3 of the Crypt)
 50327 | Depths:1 | Entered Level 1 of the Depths
 50832 | Depths:1 | Found a gateway to Hell.
 51113 | Depths:1 | Got a scorched wooden ring
 51114 | Depths:1 | Identified the ring of Lies {rPois rN++ Str-5 Int+4} (You found it on level 1 of the Depths)
 51326 | Hell     | Entered the Vestibule of Hell
 51326 | Hell     | Noticed Geryon
 51339 | Hell     | Killed Geryon
 51406 | Hell     | Found a gateway to the Iron City of Dis.
 51505 | Hell     | Found a gateway to the freezing wastes of Cocytus.
 51793 | Hell     | Found a gateway to the decaying netherworld of Tartarus.
 51884 | Hell     | Found a gateway to the ashen valley of Gehenna.
 53095 | Depths:2 | Reached XP level 24. HP: 235/235 MP: 31/31
 53171 | Depths:3 | Noticed Margery
 53183 | Depths:3 | Reached skill level 26 in Axes
 53184 | Depths:3 | Killed Margery
 53717 | Depths:3 | Noticed a juggernaut
 53724 | Depths:3 | Killed a juggernaut
 54173 | Depths:3 | Found a one-way gate leading to the halls of Pandemonium.
 54402 | Depths:4 | Was forgiven by Okawaru
 54695 | Depths:4 | Found a one-way gate to the infinite horrors of the Abyss.
 54698 | Depths:4 | Noticed Louise
 54701 | Depths:4 | Killed Louise
 54837 | Depths:4 | Identified a +2 rod of inaccuracy (14/14) (You found it on level 4 of the Depths)
 55418 | Depths:5 | Entered Level 5 of the Depths
 55678 | Depths:5 | Found a gate to the Realm of Zot.
 55819 | Depths:5 | Found Piposh's General Store.
 55831 | Depths:5 | Bought a scroll of identify for 28 gold pieces
 55831 | Depths:5 | Bought 2 potions of haste for 280 gold pieces
 55892 | Depths:5 | Reached XP level 25. HP: 245/245 MP: 31/31
 55894 | Depths:5 | Found a gateway to a ziggurat.
 56372 | Depths:4 | Voluntarily entered the Abyss.
 56526 | Abyss:3  | Found a shimmering altar of Xom.
 56541 | Abyss:3  | Found a corrupted altar of Lugonu.
 56542 | Abyss:3  | Found a shimmering altar of Xom.
 56542 | Abyss:3  | Found a shimmering altar of Xom.
 56542 | Abyss:3  | Found a shimmering altar of Xom.
 56543 | Abyss:3  | Found a shimmering altar of Xom.
 56590 | Abyss:3  | Found a corrupted altar of Lugonu.
 56686 | Abyss:3  | Got an abyssal rune of Zot
 56944 | Depths:4 | Escaped the Abyss
 57287 | Vaults:5 | Entered Level 5 of the Vaults
 57294 | Vaults:5 | Reached skill level 27 in Axes
 57746 | Vaults:5 | Reached XP level 26. HP: 177/258 MP: 27/31
 57813 | Vaults:5 | Got a translucent lapis lazuli ring
 57816 | Vaults:5 | Identified the ring of the Heavens {rC+ Str+7 Stlth+} (You found it on level 5 of the Vaults)
 57908 | Vaults:5 | Noticed an ancient lich
 57921 | Vaults:5 | Killed an ancient lich
 58113 | Vaults:5 | Learned a level 2 spell: Song of Slaying
 58232 | Vaults:5 | Identified the Guide on Hurtful Ice
 58238 | Vaults:5 | Learned a level 4 spell: Condensation Shield
 58240 | Vaults:5 | Got a scintillating silver ring
 58241 | Vaults:5 | Identified the ring "Wujoep" {rElec rF+ rC- Str+3 Dex+5} (You found it on level 5 of the Vaults)
 58492 | Vaults:5 | Got a slimy scale mail
 58493 | Vaults:5 | Identified the +5 scale mail of Vacraij {rC- rCorr Str+3 Int+5} (You acquired it on level 5 of the Vaults)
 58510 | Vaults:5 | Identified the Reference Book on Shape Shifting
 58513 | Vaults:5 | Got a silver rune of Zot
 59225 | Slime:1  | Entered Level 1 of the Pits of Slime
 59503 | Slime:4  | Noticed Dissolution
 59519 | Slime:4  | Killed Dissolution
 59519 | Slime:4  | Reached skill level 27 in Fighting
 59809 | Slime:5  | Gained mutation: Your body sometimes deteriorates upon taking damage. [a shining eye]
 59820 | Slime:5  | Lost mutation: Your body sometimes deteriorates upon taking damage. [potion of cure mutation]
 59820 | Slime:5  | Lost mutation: You are dopey. (Int -2) [potion of cure mutation]
 59820 | Slime:5  | Lost mutation: You are partially covered in large bone plates (AC +2, SH +2). [potion of cure mutation]
 59894 | Slime:6  | Entered Level 6 of the Pits of Slime
 59894 | Slime:6  | Noticed asdu's ghost (adept DDGl)
 59899 | Slime:6  | Killed asdu's ghost
 60076 | Slime:6  | Noticed the Royal Jelly
 60086 | Slime:6  | Killed the Royal Jelly
 60243 | Slime:6  | Identified the Compendium of Earthen Damage Dealing
 60271 | Slime:6  | Got a pitted silver ring
 60272 | Slime:6  | Identified the ring of Hard Scrabble {Fire +Fly rElec MR- Str+8} (You found it on level 6 of the Pits of Slime)
 60289 | Slime:6  | Got a distressingly furry cloak
 60290 | Slime:6  | Identified the +2 cloak of the Sky {Str+2} (You found it on level 6 of the Pits of Slime)
 60345 | Slime:6  | Got a slimy rune of Zot
 60388 | Slime:6  | Got a vibrating garnet amulet
 60392 | Slime:6  | Identified the amulet "Pusha Keo" {Gourm Slay+3} (You found it on level 6 of the Pits of Slime)
 60769 | Temple   | Identified a +9 executioner's axe of holy wrath (a +8 executioner's axe of electrocution blessed by the Shining One)
 60769 | Temple   | Received a gift from the Shining One
 61100 | Zot:1    | Entered Level 1 of the Realm of Zot
 61497 | Zot:1    | Noticed Tiamat
 61546 | Zot:1    | Killed Tiamat
 61738 | Zot:1    | Reached XP level 27. HP: 273/273 MP: 31/31
 62754 | Zot:3    | Reached skill level 5 in Translocations
 63139 | Zot:3    | Gained mutation: Your magical capacity is low (-10% MP). [a neqoxec]
 64193 | Zot:4    | Learned a level 5 spell: Phase Shift
 64199 | Zot:4    | Learned a level 5 spell: Silence
 64662 | Zot:5    | Entered Level 5 of the Realm of Zot
 64925 | Zot:5    | Noticed an orb of fire
 64941 | Zot:5    | Killed an orb of fire
 64992 | Zot:5    | Reached skill level 15 in Throwing
 65216 | Zot:5    | Noticed an orb of fire
 65216 | Zot:5    | Gained mutation: Your body sometimes deteriorates upon taking damage. [an orb of fire]
 65226 | Zot:5    | Gained mutation: Your magical capacity is very low (-20% MP). [an orb of fire]
 65230 | Zot:5    | Killed an orb of fire
 65231 | Zot:5    | Noticed an orb of fire
 65243 | Zot:5    | Killed an orb of fire
 65263 | Zot:5    | Noticed an ancient lich
 65266 | Zot:5    | Killed an ancient lich
 65516 | Zot:5    | Noticed an orb of fire
 65522 | Zot:5    | Noticed an ancient lich
 65526 | Zot:5    | Noticed an ancient lich
 65530 | Zot:5    | Gained mutation: You are weak. (Str -2) [an orb of fire]
 65531 | Zot:5    | Gained mutation: Armour fits poorly on your strangely shaped body. [an orb of fire]
 65532 | Zot:5    | Killed an orb of fire
 65532 | Zot:5    | Reached skill level 27 in Armour
 65533 | Zot:5    | Killed an ancient lich
 65537 | Zot:5    | Killed an ancient lich
 65718 | Zot:5    | Noticed an ancient lich
 65724 | Zot:5    | Killed an ancient lich
 65887 | Zot:5    | Lost mutation: Your magical capacity is very low (-20% MP). [potion of cure mutation]
 65887 | Zot:5    | Lost mutation: Your magical capacity is low (-10% MP). [potion of cure mutation]
 65887 | Zot:5    | Lost mutation: You are weak. (Str -2) [potion of cure mutation]
 65888 | Zot:5    | Lost mutation: Your body sometimes deteriorates upon taking damage. [potion of cure mutation]
 65888 | Zot:5    | Lost mutation: Armour fits poorly on your strangely shaped body. [potion of cure mutation]
 66288 | Orc:2    | Bought a book of Minor Magic for 280 gold pieces
 66292 | Orc:2    | Learned a level 2 spell: Blink
 66295 | Orc:2    | Learned a level 2 spell: Repel Missiles
 66539 | Zig:1    | Entered Level 1 of a ziggurat
 66560 | Zig:2    | Entered Level 2 of a ziggurat
 66596 | Zig:3    | Entered Level 3 of a ziggurat
 66627 | Zig:4    | Entered Level 4 of a ziggurat
 66706 | Zig:5    | Entered Level 5 of a ziggurat
 66752 | Zig:6    | Entered Level 6 of a ziggurat
 66756 | Zig:6    | Noticed a greater mummy
 66757 | Zig:6    | Noticed a greater mummy
 66767 | Zig:6    | Killed a greater mummy
 66767 | Zig:6    | Reached skill level 1 in Spellcasting
 66775 | Zig:6    | Killed a greater mummy
 66813 | Zig:7    | Entered Level 7 of a ziggurat
 66890 | Zig:8    | Entered Level 8 of a ziggurat
 66899 | Zig:8    | Reached skill level 27 in Dodging
 67014 | Zig:9    | Entered Level 9 of a ziggurat
 67067 | Zig:9    | Got a steaming pewter ring
 67070 | Zig:9    | Identified the ring "Towkymur" {Ice -Tele rPois rN+ MP+9} (You found it on level 9 of a ziggurat)
 67090 | Zig:9    | Got a faintly humming large shield
 67091 | Zig:9    | Identified the cursed +0 large shield of the Armadillo {*Confuse rCorr MP+9 SInv} (You found it on level 9 of a ziggurat)
 67098 | Zig:10   | Entered Level 10 of a ziggurat
 67126 | Zig:10   | Reached skill level 1 in Charms
 67183 | Zig:10   | Got a vibrating platinum amulet
 67185 | Zig:10   | Identified the amulet "Koxtavac" {MPRegen Dex+5} (You acquired it on level 10 of a ziggurat)
 67228 | Zig:11   | Entered Level 11 of a ziggurat
 67264 | Zig:11   | Reached skill level 10 in Evocations
 67548 | Zig:11   | Got a fine zirconium amulet
 67550 | Zig:11   | Identified the amulet of Gunusele {rF++ Regen+ Int-5} (You found it on level 11 of a ziggurat)
 67572 | Zig:12   | Entered Level 12 of a ziggurat
 67671 | Zig:12   | Identified the Collected Works on Shifting Aid
 67690 | Zig:13   | Entered Level 13 of a ziggurat
 67708 | Zig:13   | Noticed Ceps the pandemonium lord
 67715 | Zig:13   | Killed from afar by a hellion

Vault maps used:
D:1:      dpeg_arrival_prison
D:2:      serial_glass, glass_columns_a, glass_columns_c, first_bread,
          ecumenical_altar_2, minmay_misc_feat_pillars
D:3:      wad_river_or_something, old_standard_altar
D:4:      gammafunk_pakellas_spire_experiment,
          gammafunk_temple_overflow_elements, serial_shops, kennysheep_mini_moat
D:5:      nicolae_overflow_hidden_temple, nicolae_overflow_crystal_walls
D:6:      minmay_temple_entry_statues
D:7:      vehumet_crystals, zin_scriptorium, basic_altar, uniq_pikel
D:8:      erik_lair_dragon, st_stairs_7
D:9:      kennysheep_mini, slow_altar_2, lemuel_crystal_altar,
          minmay_overflow_temple_star_quad, serial_shops, shop, basic_altar,
          uniq_erica
D:10:     minmay_orc_entry_guard_dogs, serial_shops, shop,
          hangedman_pestilent_swarm, minmay_misc_feat_chi, minivault_16
D:11:     serial_shops, nicolae_shop_waterfront
D:12:     uniq_maurice
D:13:     kennysheep_generic_room_3
D:14:     david_vaults_5, basic_altar, serial_shops, shop, serial_glass,
          glass_columns_a, glass_columns_a, feat_on_display, uniq_maud,
          uniq_frances
D:15:     hangedman_depths_entry_try_elsewhere_first, minmay_strange_pillars,
          minmay_misc_feat_roman, uniq_urug, uniq_josephine
Temple:   hc_temple_tempest_star_small
Lair:1:   lab_entry_generic, enter_volcano_3
Lair:3:   st_stairs_3, beast_lair_carwin_2, grunt_megastairs_5, uniq_harold,
          uniq_gastronok, uniq_nergalle
Lair:4:   swamp_mist, st_stairs_3
Lair:5:   serial_bayou_shore_a
Lair:6:   guppyfry_snake_entry_garden, bh_autumn_forest_stairs,
          lemuel_fruit_fields, uniq_kirke
Lair:7:   slime_altar_1, beast_lair_carwin_5, grunt_megastairs_4,
          lemuel_fruit_fields
Lair:8:   guppyfry_lair_end_dragon, wormcave, hangedman_lair_unloving_vines,
          guppyfry_lair_drakes, lemuel_fruit_tree
Swamp:1:  portal_ice_cave_entry_ice_beasts, evilmike_swamp_ruin_rubble_1,
          swamp_pool5, infiniplex_staircase_pool
Swamp:2:  infiniplex_staircase_pool_2
Swamp:3:  evilmike_swamp_ruin_house_3, uniq_jorgrun
Swamp:4:  swamp_pestilence
Snake:1:  st_stairs_13, uniq_aizul
Snake:2:  st_stairs_7, grunt_megastairs_3
Snake:3:  serial_shops, nicolae_shop_crystal, nicolae_shop_overgrown_old_shop,
          shop, nicolae_shop_behind_doors, shop
Snake:4:  snake_pit, serial_shops, nicolae_shop_stone, basic_altar, spider_trap,
          st_stairs_1, grunt_ministairs_7, uniq_vashnia, uniq_norris
Slime:4:  uniq_dissolution
Slime:5:  nicolae_slime_phagocytosis
Orc:1:    uniq_snorg
Orc:2:    grunt_orc_tribal_feast, serial_shops, nicolae_shop_behind_doors, shop,
          shop, nicolae_shop_crystal, uniq_donald
Elf:1:    eino_elf_arrival_customs, serial_shops,
          nicolae_shop_temple_entry_statues_fountains, minmay_elf_necromancy
Elf:2:    special_room, uniq_saint_roka
Elf:3:    elf_hall_gauntlet_narrow, serial_shops, shop, minivault_27,
          dk_noncrumbling_3, uniq_mara
Vaults:1: v_alt_pattern_2, st_cross, vaults_room_fancy_cross,
          vaults_room_grunt_arrival_ludios, v_rooms_5, v_misc_22,
          nicolae_vaults_theta, hangedman_vaults_corner_blocks, v_misc_10,
          ontoclasm_vaults_idyll, nicolae_vaults_sealed_display,
          grunt_vaults_trifunnel, uniq_wiglaf, uniq_asterion
Vaults:2: vaults_room_fours, v_alt_pattern_6, nicolae_vaults_triangles,
          serial_shops, shop, uniq_nikola
Vaults:3: nicolae_vaults_little_squares_3, vaults_room_large_hall,
          vaults_mumra_chevron, vaults_room_hallway,
          minmay_crypt_entry_nasty_monster, nicolae_vaults_shelves_hall,
          nicolae_vaults_little_squares_3, v_misc_17
Vaults:4: vaults_room_octagon, hangedman_vaults_corner_blocks,
          grunt_vaults_focal, ontoclasm_vaults_bender, vaults_room_semicircle,
          nicolae_vaults_shelves_hall, st_check, ontoclasm_vaults_ring_square,
          grunt_vaults_twisty, vaults_mumra_minichess, vaults_room_hallway,
          basic_altar, uniq_sojobo, uniq_frederick
Crypt:2:  st_stairs_12, uniq_xtahua
Crypt:3:  grunt_crypt_end_deaths_head, uniq_boris
Depths:1: hangedman_geh_valley, evilmike_minifort
Depths:2: hangedman_stitches_corridor, hell_entry, minmay_fountain_box
Depths:3: evilmike_cross, pan_entry, minmay_misc_feat_doors, hellmouth_1,
          infiniplex_staircase_zigzag_3, uniq_margery
Depths:4: evilmike_wizard_prison, kennysheep_crisscross,
          nicolae_abyss_entry_one_way_or_another, hell_entry
Depths:5: grunt_x_marks_the_spot, enter_ziggurat_b, rand_demon_pan_entry_1,
          hell_entry, hangedman_glass_teeth, serial_shops, shop,
          kennysheep_pointless_box
Zot:1:    grunt_ministairs_4, uniq_tiamat
Zot:2:    kennysheep_room_grid, bh_zot_lava_cross
Zot:3:    kennysheep_ambush_hall, lemuel_elevator
Zot:5:    basic_stair_grate_trap
Abyss:3:  minivault_22, evilmike_abyss_rune_shrine
Zig:4:    ziggurat_pillar_centre_c
Zig:7:    ziggurat_pillar_centre_dead_trees
Lab:      labyrinth_spiral
IceCv:    ice_cave_caverns_02
Volcano:  volcano_village

Action                   |  1- 3 |  4- 6 |  7- 9 | 10-12 | 13-15 | 16-18 | 19-21 | 22-24 | 25-27 || total
-------------------------+-------+-------+-------+-------+-------+-------+-------+-------+-------++-------
Melee: War axe           |    92 |    82 |   221 |   470 |   959 |       |       |       |       ||  1824
       Executioner's axe |       |       |       |       |   106 |  1252 |  1168 |  1476 |  1657 ||  5659
Throw: Tomahawk          |       |       |       |       |       |       |     5 |       |     5 ||    10
Invok: Heroism           |       |       |     2 |     8 |     9 |    11 |     6 |     1 |       ||    37
       Finesse           |       |       |       |       |       |     3 |     3 |       |       ||     6
       Divine Shield     |       |       |       |       |       |       |       |       |     8 ||     8
       Summon Divine War |       |       |       |       |       |       |       |       |     4 ||     4
       Brand Weapon With |       |       |       |       |       |       |       |       |     1 ||     1
       Cleansing Flame   |       |       |       |       |       |       |       |       |     4 ||     4
 Abil: Stop Flying       |       |       |       |       |       |     1 |       |     2 |     1 ||     4
       Evoke Flight      |       |       |       |       |       |       |       |     2 |     1 ||     3
Evoke: Wand              |       |       |       |       |       |       |     1 |       |     5 ||     6
       Rod               |       |       |       |       |       |       |       |       |     2 ||     2
  Use: Scroll            |     6 |       |     7 |    10 |    22 |    19 |    25 |    12 |    20 ||   121
       Potion            |       |     2 |       |     2 |     7 |     9 |       |       |    13 ||    33
 Stab: Distracted        |       |       |       |       |       |       |     2 |       |       ||     2
       Confused          |       |       |       |       |       |       |       |       |     1 ||     1
  Eat: Chunk             |     2 |     4 |     9 |    18 |    31 |    21 |    29 |    19 |    32 ||   165
       Pizza             |       |     1 |     1 |     1 |     1 |     1 |       |     1 |     2 ||     8
       Royal jelly       |       |       |     1 |       |       |    10 |     1 |     1 |       ||    13
       Fruit             |       |       |       |     1 |       |       |       |       |       ||     1
       Bread ration      |       |       |       |       |       |     1 |     1 |     1 |     1 ||     4
       Beef jerky        |       |       |       |       |       |       |     2 |     4 |    16 ||    22
